 Dungeon Crawl Stone Soup version 0.26.1-11-gd32895ea62 (webtiles) character file.

Game seed: 1771619820008296357

914 Revguard the Cleaver (level 8, -11/71 HPs)
             Began as a Hill Orc Fighter on Apr 20, 2021.
             Was a Follower of Beogh.
             Mangled by a large slime creature (28 damage)
             ... on level 5 of the Dungeon.
             The game lasted 00:12:24 (4458 turns).

Revguard the Cleaver (Hill Orc Fighter)             Turns: 4458, Time: 00:12:24

Health: -11/71     AC: 11    Str: 20    XL:     8   Next: 9%
Magic:  11/11      EV:  7    Int:  8    God:    Beogh [*.....]
Gold:   208        SH: 11    Dex: 11    Spells: 7/7 levels left

rFire    . . .     SeeInvis .   a - +0 war axe
rCold    . . .     Faith    .   c - +1 kite shield
rNeg     . . .     Spirit   .   e - +0 chain mail
rPois    .         Reflect  .   q - +0 helmet
rElec    .         Harm     .   (no cloak)
rCorr    .         Rampage  .   (no gloves)
Will     .....                  (no boots)
Stlth    ..........             h - amulet of regeneration
HPRegen  0.61/turn              m - ring of flight
MPRegen  0.12/turn              (no ring)

@: no status effects
A: no striking features
a: Renounce Religion, Evoke Flight


You were on level 5 of the Dungeon.
You worshipped Beogh.
Beogh was aware of your devotion.
You visited 1 branch of the dungeon, and saw 6 of its levels.

You collected 208 gold pieces.

Inventory:

Hand Weapons
 a - a +0 war axe (weapon)
Armour
 c - a +1 kite shield (worn)
 e - a +0 chain mail (worn)
 q - a +0 helmet (worn)
Jewellery
 g - an uncursed ring of fire
 h - an amulet of regeneration (around neck)
 m - a ring of flight (left hand)
Wands
 o - a wand of flame (14)
Scrolls
 b - a scroll of identify
 f - 2 scrolls of enchant armour
 l - 2 scrolls of noise
 n - a scroll of remove curse {unknown}
 r - a scroll of random uselessness {unknown}
Potions
 d - 4 potions of might
 i - 3 potions of curing {unknown}
 j - a potion of brilliance
 p - a potion of magic {unknown}


   Skills:
 + Level 6.7 Fighting
 + Level 9.1 Axes
 + Level 5.9 Armour
 + Level 3.0 Dodging
 + Level 6.0 Shields
 * Level 5.1 Invocations
 * Level 5.6 Evocations


You had 7 spell levels left.
You didn't know any spells.
Your spell library was empty.

Dungeon Overview and Level Annotations

Branches:
Dungeon (6/15)
 Temple: D:4-7

Altars:
Dithmenos
Nemelex Xobeh
Uskayaw

Annotations:
D:6 Blork the orc


Message History

You barely miss the slime creature. You block the jelly's attack.
The slime creature hits you!
You slash the jelly!
You kill the jelly!
Beogh accepts your kill.
You slash the slime creature!
You feel yourself slow down.
The slime creature quivers.
You hit the slime creature.
The slime creature is lightly wounded.
The slime creature hits you!
* * * LOW HITPOINT WARNING * * *
There is an open door here.
The slime creature hits you!
* * * LOW HITPOINT WARNING * * *
There is an open door here.
Okay, then.
Two slime creatures merge to form a large slime creature.
The large slime creature hits you!!
You die...

....#..##...#####.....).#####...#
....#..#.......###.).(.###.##'###
....#'#........####)(.####.#.....
###......####...###+..###..#.....
..#......#..#...#...(.(....#.....
..#...._.#.(#...#....#.....#.....
###......#.(#.+##....#.....#.....
....#....####........####.##.....
....#...........@....#.....#.....
....+............J...#.....#.....
....#..####'#........#.....#.....
...######..)+........#.....#.....
...# #....#....J...#..J..#.....
...# ##...#........###...#.....
...# ##########'#####...#.....
#### #......J...#J..#..... #
#...>......#J..#....#


You could see a large slime creature, a slime creature, a jelly and 2 dancing
weapons.

Vanquished Creatures
  An ice beast (D:5)
  A centaur (D:5)
  2 big kobolds (D:5)
  A bullfrog (D:5)
  A scorpion (D:5)
  2 jellies (D:5)
  A hound (D:4)
  A centaur skeleton (D:5)
  3 worker ants (D:5)
  Robin (D:3)
  8 adders
  2 shadow imps (D:5)
  3 oozes
  2 worms (D:3)
  5 dart slugs
  6 leopard geckos
  4 orcs
  A ball python (D:1)
  A giant cockroach (D:2)
  17 goblins
  10 hobgoblins
  2 jackals (D:5)
  4 quokkas
  7 bats
  3 frilled lizards
  A jackal skeleton (D:5)
  10 kobolds
  4 rats
104 creatures vanquished.

Vanquished Creatures (others)
  A fungus (D:5)
  9 toadstools (D:5)
10 creatures vanquished.

Grand Total: 114 creatures vanquished

Notes
Turn   | Place    | Note
-------+----------+-------------------------------------------
     0 | D:1      | Revguard the Hill Orc Fighter began the quest for the Orb.
     0 | D:1      | Reached XP level 1. HP: 19/19 MP: 1/1
   190 | D:1      | Reached XP level 2. HP: 17/27 MP: 2/2
   658 | D:1      | Reached skill level 3 in Axes
   690 | D:1      | Reached XP level 3. HP: 28/33 MP: 3/3
  1512 | D:2      | Reached XP level 4. HP: 40/40 MP: 4/4
  1595 | D:2      | Reached skill level 4 in Axes
  1750 | D:2      | Reached skill level 8 in Axes
  1750 | D:2      | Reached skill level 5 in Armour
  1750 | D:2      | Reached skill level 5 in Shields
  1750 | D:2      | Reached skill level 5 in Evocations
  1750 | D:2      | Reached XP level 5. HP: 50/50 MP: 4/8
  2391 | D:3      | Became a worshipper of Beogh the Brigand
  2841 | D:3      | Noticed Robin
  2853 | D:3      | Killed Robin
  3250 | D:4      | Reached XP level 6. HP: 57/57 MP: 9/9
  3250 | D:4      | Found a shadowy altar of Dithmenos.
  3252 | D:4      | You fall into a shaft and drop 2 floors!
  3311 | D:6      | Noticed Blork the orc
  3372 | D:5      | Entered Level 5 of the Dungeon
  3493 | D:5      | Found a hide-covered altar of Uskayaw.
  3496 | D:5      | Noticed a +0 dagger
  3497 | D:5      | Noticed a +0 hand axe
  3568 | D:5      | Noticed an ice beast
  3575 | D:5      | Killed an ice beast
  3580 | D:5      | Reached XP level 7. HP: 63/64 MP: 10/10
  3864 | D:5      | Reached skill level 5 in Invocations
  3917 | D:5      | Reached * piety under Beogh
  4119 | D:5      | Found a sparkling altar of Nemelex Xobeh.
  4289 | D:5      | Reached skill level 9 in Axes
  4365 | D:5      | Noticed a slime creature
  4365 | D:5      | Noticed a slime creature
  4365 | D:5      | Noticed a slime creature
  4370 | D:5      | Reached XP level 8. HP: 27/71 MP: 11/11
  4458 | D:5      | Mangled by a large slime creature

Illustrated notes

Levels and vault maps discovered:
D:1:      ebering_hopf_link, layout_rooms
D:2:      layout_loops_ring
D:3:      minmay_inner_zag, layout_basic, serial_co_window_serial,
          co_window_paths_a, co_window_corner_a, co_window_corner_a,
          co_window_corner_a, co_window_paths_a, co_window_corner_a,
          co_window_corner_a, co_window_corner_cb, co_window_broadway_c,
          co_window_corner_b, co_window_corner_cb, co_window_paths_e,
          glass_columns_a, uniq_robin
D:4:      layout_gridville, marbit_many_paths, nicolae_overflow_crystal_walls,
          amethyst_overflow_temple_binary
D:5:      cheibrodos_fertilizer, layout_gridville, dancing_weapons_uskayaw,
          basic_altar
D:6:      layout_layer_cave, moated_statue, uniq_blork_the_orc

Skill      XL: |  1  2  3  4  5  6  7 |
---------------+----------------------+-----
Fighting       | 4 6 |  6.7
Axes           | 3 8 9 |  9.1
Armour         | 5 |  5.9
Dodging        | 3 |  3.0
Shields        | 5 6 |  6.0
Invocations    | 4 5 |  5.1
Evocations     | 5 |  5.6

Action                   |  1- 3 |  4- 6 |  7- 9 || total
-------------------------+-------+-------+-------++-------
Melee: War axe           |   118 |   133 |    86 ||   337
Invok: Convert to Beogh  |       |     1 |       ||     1
  Use: Scroll            |       |    11 |       ||    11
       Potion            |       |     2 |     1 ||     3
Armor: Scale mail        |    67 |    41 |       ||   108
       Chain mail        |       |    13 |    37 ||    50
Dodge: Dodged            |    50 |    40 |    15 ||   105
Block: Kite shield       |    73 |    74 |    56 ||   203
